Map: Dusk Towers

Players

Haighstrom - Winner!

  • Race: Zerg Zerg

CouiLLoN

  • Race: Zerg Zerg
  • League: Silver

VOD

Have the link to the VOD?

Description

Time

  • Played on: Nov. 11, 2015, 6:16 a.m.
  • Length: 6:34
Show
View Real Time Build Order
Export as new Build Order

Haighstrom Zerg - Winner!

Build Orders: Hatch First 

Get SALT Encoding   

  12  0:00  Drone  
  13  0:12  Overlord  
  13  0:17  Drone  
  14  0:30  Drone x2  
  16  0:38  Drone  
  17  0:55  Hatchery  
  16  0:58  Drone  
  17  1:13  Spawning Pool  
  17  1:14  Drone  
  17  1:16  Extractor  
  16  1:29  Drone x2  
  16  1:31  Drone  
  19  1:42  Drone  
  20  1:50  Drone  
  21  2:01  Overlord  
  21  2:08  Queen x2  
  21  2:11  Zergling x2  
  26  2:16  Drone  
  26  2:17  Metabolic Boost  
  26  2:22  Drone  
  28  2:24  Drone  
  28  2:28  Overlord  
  29  2:37  Drone  
  29  2:40  Drone  
  31  2:51  Drone  
  31  2:52  Drone  
  31  2:56  Evolution Chamber  
  31  2:57  Baneling Nest  
  31  3:00  Drone  
  31  3:02  Drone  
  33  3:16  Drone x4  
  33  3:17  Overlord  
  37  3:25  Overlord  
  37  3:27  Drone x4  
  40  3:35  Zergling x2  
  41  3:43  Spine Crawler  
  41  3:45  Zerg Melee Weapons Level 1  
  41  3:46  Zergling x4  
  41  3:48  Zergling x2  
  43  3:53  Zergling x2  
  43  3:54  Zergling x12  
  50  4:03  Overlord  
  50  4:09  Zergling x2  
  51  4:10  Baneling x2  
  51  4:18  Zergling x4  
  53  4:26  Zergling x6  
  53  4:27  Zergling x6  
  59  4:41  Zergling x4  
  61  4:46  Zergling x4  
  61  4:51  Overlord  
  63  4:55  Zergling x6  
  63  4:56  Zergling x2  
  63  4:57  Zergling x2  
  63  4:59  Overlord  
  68  5:06  Overlord  
  68  5:13  Zergling x2  
  69  5:23  Baneling  
  69  5:24  Baneling  
  69  5:25  Baneling x10  
  69  5:26  Zergling x16  
  77  5:30  Overlord  
  77  5:36  Zergling x2  
  77  5:40  Zergling x2  
  79  5:44  Baneling x2  
  79  5:45  Hatchery, Zergling x2  
  79  5:49  Baneling  
  73  6:02  Zergling x16  
  80  6:05  Spore Crawler  
  80  6:07  Spine Crawler  
  80  6:08  Spore Crawler  
  80  6:09  Drone  
  80  6:10  Spine Crawler  
Show
View Real Time Build Order
Export as new Build Order

CouiLLoN Zerg 

Build Orders: Hatch First 

Get SALT Encoding   

  12  0:02  Drone  
  13  0:11  Drone  
  14  0:24  Overlord  
  14  0:44  Drone  
  14  0:45  Drone x2  
  17  0:55  Hatchery  
  16  0:59  Drone  
  17  1:22  Drone x2  
  19  1:30  Spawning Pool  
  19  1:31  Extractor  
  19  1:32  Drone  
  18  1:42  Drone  
  19  1:51  Drone  
  20  2:00  Overlord  
  20  2:17  Queen x2  
  20  2:20  Drone x2  
  20  2:21  Drone  
  27  2:27  Spine Crawler  
  27  2:39  Metabolic Boost, Extractor  
  27  2:41  Drone x4  
  30  2:44  Overlord  
  30  2:58  Drone x2  
  32  3:06  Zergling x4  
  34  3:16  Overlord  
  33  3:22  Zergling x4  
  35  3:34  Drone x3  
  35  3:36  Drone  
  39  3:43  Baneling Nest  
  39  3:44  Pneumatized Carapace  
  38  3:49  Overlord  
  38  3:50  Overlord  
  38  4:05  Lair  
  38  4:08  Drone x9  
  38  4:09  Drone x2  
  49  4:24  Evolution Chamber  
  49  4:30  Extractor  
  49  4:31  Extractor  
  46  4:33  Baneling x4  
  46  4:36  Baneling x4  
  46  4:59  Roach Warren  
  45  5:01  Evolution Chamber  
  45  5:02  Evolution Chamber, Drone x4  
  45  5:05  Hatchery  
  46  5:12  Zergling x14  
  53  5:44  Baneling x9  
  53  5:45  Baneling x5  
  53  5:51  Roach x5  
Tags
 
Add a new tag
Caveats
  • Supply blocks, unpowered buildings, or Contaminate may cause inaccurate times.
  • Supply counts are checked every 10 seconds.